 Dungeon Crawl Stone Soup version 0.29.1-2-gbd0b4ee654 (webtiles) character file.

Game seed: 14587545812239237570

133 Firos the Changer (level 5, -1/33 HPs)
             Began as an Octopode Transmuter on Nov 8, 2022.
             Slain by a black bear (6 damage)
             ... on level 4 of the Dungeon.
             The game lasted 00:04:34 (4008 turns).

Firos the Changer (Octopode Transmuter)             Turns: 4008, Time: 00:04:34

Health: -1/33      AC:  2    Str:  9    XL:     5   Next: 16%
Magic:  4/9        EV: 19    Int: 18    God:
Gold:   156        SH:  0    Dex: 17    Spells: 4/10 levels left

rFire   . . .      SeeInvis .     - Unarmed
rCold   . . .      Faith    .   (shield currently unavailable)
rNeg    . . .      Spirit   .   (helmet currently unavailable)
rPois   x          Reflect  .   (no amulet)
rElec   .          Harm     .   (no ring)
rCorr   .          Rampage  .   (no ring)
Will    .....                   (no ring)
Stlth   ++........              (no ring)
HPRegen 0.11/turn               (no ring)
MPRegen 0.11/turn               (no ring)
                                (no ring)
                                (no ring)

@: spider-form (expiring)
A: venomous fangs, almost no armour, (amphibious), 8 rings, tiny, (camouflage
1), (gelatinous body 1), (nimble swimmer 1), (tentacles)
a: End Transformation


You were on level 4 of the Dungeon.
You were a venomous arachnid creature.
You visited 1 branch of the dungeon, and saw 4 of its levels.

You collected 156 gold pieces.

Inventory:

Armour
 e - the +3 warlock's mirror (melded) {reflect}
   (You acquired it on level 3 of the Dungeon)

   It can block and reflect piercing ranged attacks and magical attacks against
   the wielder's willpower.
Wands
 k - a wand of digging (4)
Scrolls
 b - a scroll of fear
 f - a scroll of vulnerability {unknown}
 h - 4 scrolls of teleportation {unknown}
Potions
 a - a potion of lignification
 c - a potion of brilliance
 d - a potion of flight {unknown}
 g - a potion of heal wounds {unknown}
 i - a potion of ambrosia {unknown}
 j - a potion of attraction {unknown}


   Skills:
 - Level 1.0 Fighting
 - Level 2.0 Dodging
 - Level 3.0 Unarmed Combat
 + Level 3.1 Spellcasting
 * Level 4.4 Transmutations


You had 4 spell levels left.
You knew the following spells:

 Your Spells              Type           Power      Damage    Failure   Level
a - Beastly Appendage     Tmut           36%        N/A       10%         1
b - Wereblood             Tmut           18%        N/A       13%         2
c - Spider Form           Tmut/Pois      10%        N/A       41%         3

Your spell library contained the following spells:

 Spells                   Type           Power      Damage    Failure   Level
 Passwall                 Tmut/Erth      8%         N/A       24%         2
 Sandblast                Erth           4%         2d4       34%         1
 Stone Arrow              Conj/Erth      4%         3d7       65%         3
 Ice Form                 Ice/Tmut       10%        N/A       75%         4
 Borgnjor's Revivificati  Necr           1%         N/A       100%        8
 Necromutation            Tmut/Necr      5%         N/A       100%        8
 Death's Door             Necr           1%         N/A       100%        9


Dungeon Overview and Level Annotations

Branches:
Dungeon (4/15)
 Temple: D:4-7

Altars:
Fedhas


Innate Abilities, Weirdness & Mutations

You are a venomous arachnid creature.
You have poisonous fangs.
You are tiny and dextrous.
Your spellcasting is less reliable in this form.
Your armour is entirely melded.
You are incapable of wielding weapons or throwing items.
You cannot wear most types of armour.
((You are amphibious.))
You can wear up to eight rings at the same time.
((Your skin changes colour to match your surroundings (Stealth+).))
((Your rubbery body absorbs attacks. (AC +1, EV +1)))
((You are camouflaged when in or above water. (Stealth+)))
((You have tentacles for arms and can constrict up to eight enemies at once.))


Message History

The endoplasm quivers.
The quokka closely misses you.
You hit the quokka but do no damage.
The quokka is poisoned.
The quokka barely misses you.
You barely miss the quokka.
The quokka is moderately wounded.
The quokka barely misses you.
You hit the quokka but do no damage.
The quokka looks even sicker.
The quokka is severely wounded.
You kill the quokka!
You completely miss the black bear. The black bear bites you!
The black bear claws you. The black bear misses you.
Your magical contamination has completely faded away.
You hit the black bear.
The black bear is poisoned.
The black bear is lightly wounded.
Your transformation is almost over.
The black bear misses you. The black bear closely misses you.
The black bear completely misses you.
You hit the black bear.
The black bear looks even sicker.
The black bear is moderately wounded.
The black bear bites you. The black bear closely misses you.
The black bear completely misses you.
You barely miss the black bear.
The black bear is moderately wounded.
The black bear bites you!
The black bear claws you but does no damage.
The black bear completely misses you.
The black bear attacks as you move away!
The black bear closely misses you. The black bear misses you. x2
The black bear attacks as you move away!
The black bear closely misses you. The black bear misses you.
The black bear closely misses you.
The black bear attacks as you move away!
The black bear bites you.
* * * LOW HITPOINT WARNING * * *
The black bear completely misses you. The black bear misses you.
You see here a +0 robe.
The black bear attacks as you move away!
The black bear bites you.
You die...

.# ##.#### #.# .# #.....#
#.# .# #.#'#.# #.# .#
#.#.#.# #.# .##
##.#.#.#####.#
..###..#.#.......##
#.##..##.##.####..#####..#
#.....#...#.# #.........#
#####.#._.#.# #s..####.# #
#.# #.# #h.....).# # #.#
#.# #..$###### # #.. ..#
##J## # #.. .## #.# #..#
#.# ..# #.# #.# #.#


You could see a black bear (very poisoned) and an endoplasm.

Vanquished Creatures
  Jessica (D:2)
  3 adders
  3 worms (D:2)
  2 dart slugs (D:2)
  2 bats (D:1)
  5 endoplasms
  3 giant cockroaches
  8 goblins
  13 hobgoblins
  2 jackals (D:3)
  5 kobolds
  3 quokkas
  3 ball pythons
  4 frilled lizards
  4 rats
61 creatures vanquished.

Notes
Turn   | Place    | Note
-------+----------+-------------------------------------------
     0 | D:1      | Firos the Octopode Transmuter began the quest for the Orb.
     0 | D:1      | Reached XP level 1. HP: 13/13 MP: 3/3
   475 | D:1      | Reached XP level 2. HP: 18/18 MP: 5/5
   535 | D:1      | Learned a level 2 spell: Wereblood
  1135 | D:1      | Reached skill level 3 in Transmutations
  1416 | D:1      | Reached XP level 3. HP: 23/23 MP: 6/6
  1420 | D:1      | Learned a level 3 spell: Spider Form
  1920 | D:2      | Noticed Jessica
  1923 | D:2      | Reached XP level 4. HP: 28/28 MP: 8/8
  1927 | D:2      | Killed Jessica
  2077 | D:2      | Reached skill level 4 in Transmutations
  3092 | D:3      | Reached XP level 5. HP: 32/33 MP: 9/9
  3241 | D:3      | Identified a scroll of acquirement
  3241 | D:3      | Acquired the +3 warlock's mirror {reflect}
  3241 | D:3      | Found the +3 warlock's mirror {reflect}
  3967 | D:4      | Found a blossoming altar of Fedhas.
  3992 | D:4      | Noticed a black bear
  4008 | D:4      | Slain by a black bear

Illustrated notes

Levels and vault maps discovered:
D:1:      lightli_molten_gateway, layout_basic
D:2:      layout_basic, minmay_heptomino_w4, uniq_jessica
D:3:      layout_basic
D:4:      layout_loops_ring, zin_angel, mainiacjoe_overflow_surrounded_room,
          chequers_serial_rivers_small_3, uniq_sigmund

Skill      XL: |  1  2  3  4 |
---------------+-------------+-----
Transmutations | 3 4 |  4.4
Spellcasting   | 3 |  3.1
Fighting       | |  1.0
Dodging        | |  2.0
Unarmed Combat | |  3.0

Action                   |  1- 3 |  4- 6 || total
-------------------------+-------+-------++-------
Melee: Unarmed           |    99 |    59 ||   158
       Constrict         |    22 |    12 ||    34
       Tentacles         |    14 |    13 ||    27
       Kick              |    13 |       ||    13
       Punch             |     2 |     2 ||     4
 Cast: Beastly Appendage |     6 |       ||     6
       Spider Form       |     1 |     3 ||     4
  Use: Scroll            |       |     3 ||     3
 Stab: Sleeping          |     1 |     1 ||     2
Armor: Skin              |     7 |     3 ||    10
Dodge: Dodged            |    51 |    35 ||    86
Block: Buckler           |       |     3 ||     3
